AoeStats
← hoijertz

Arena

504091942Analyzed
4v4 RM · 1mo ago on Sep 3, 2026· 49m 34s· 8 players
Game mode
Random Map
Map size
Large (8 player)
Population
200
Speed
Normal
Resources
Standard
Victory
Conquest
Starting age
Dark Age
Ending age
Imperial Age
RankedLock teamsTeams togetherTeam positionsShared explorationLock speedFull tech treeHidden civsTurbo modeCheats
Victory
Defeat
🇸🇪 Bohemians · Sweden
1041
+12
🇸🇪 Spanish · Sweden
1036
+12
🇸🇪 Hindustanis · Sweden
991
+14
🇸🇪 Romans · Sweden
886
+20
🇵🇱 Celts · Poland
982
-16
🇲🇽 Lithuanians · Mexico
978
-16
🇦🇷 Goths · Argentina
950
-14
901
-12
alexisxsegura
11:23 Feudal Age
13:59 Wheelbarrow
17:55 Castle Age
15:51 Double-Bit Axe
16:24 Horse Collar
18:52 Hand Cart
18:51 Bow Saw
19:06 Stone Mining
26:03 Gold Mining
30:04 Scale Barding Armor
32:35 Imperial Age
30:20 Scale Mail Armor
30:30 Forging
31:11 Stone Shaft Mining
31:24 Chain Mail Armor
31:00 Fletching
32:02 Coinage
31:56 Squires
31:41 Arson
31:17 Pikeman
32:00 Treadmill Crane
33:14 Masonry
32:55 Heated Shot
33:39 Conscription
32:45 Halberdier
34:33 Chemistry
33:26 Capped Ram
35:04 Iron Casting
34:24 Bodkin Arrow
35:43 Two-Man Saw
36:33 Man-at-Arms
37:52 Bracer
37:23 Long Swordsman
38:26 Two-Handed Swordsman
39:15 Champion
48:07 Tower Shields
49:05 Husbandry
49:16 Bloodlines
48:27 Cavalier
RODRIGOL
1:18 Loom
11:06 Feudal Age
11:31 Horse Collar
11:49 Double-Bit Axe
18:27 Castle Age
17:15 Stone Mining
17:47 Gold Mining
19:15 Heavy Plow
19:29 Bow Saw
21:23 Wheelbarrow
22:44 Hand Cart
29:43 Imperial Age
28:28 Stone Shaft Mining
28:05 Forging
27:57 Scale Mail Armor
28:45 Squires
30:07 Anarchy
30:59 Crop Rotation
31:30 Two-Man Saw
31:10 Iron Casting
30:02 Pikeman
31:12 Elite Huskarl
33:27 Blast Furnace
32:42 Chain Mail Armor
33:45 Conscription
34:53 Chemistry
37:04 Ballistics
36:06 Halberdier
36:50 Perfusion
37:09 Chain Mail Armor
malolepszy.adrian
13:14 Feudal Age
13:40 Double-Bit Axe
14:34 Wheelbarrow
14:33 Horse Collar
17:23 Gold Mining
20:55 Castle Age
22:00 Bow Saw
22:08 Hand Cart
22:33 Stone Mining
23:20 Gold Shaft Mining
24:29 Heavy Plow
26:00 Caravan
27:29 Stone Shaft Mining
28:44 Gold Shaft Mining
30:28 Ballistics
33:04 Imperial Age
32:28 Murder Holes
33:53 Onager
37:24 Conscription
37:49 Furor Celtica
37:50 Heavy Scorpion
41:10 Elite Woad Raider
41:47 Fletching
41:59 Padded Archer Armor
42:09 Forging
Δ𝗫𝗫▼✞♪przyszłość
6:57 Loom
11:59 Feudal Age
17:35 Castle Age
15:25 Horse Collar
16:48 Double-Bit Axe
19:34 Bow Saw
20:36 Fletching
20:47 Padded Archer Armor
20:55 Heavy Plow
24:28 Gold Mining
25:59 Squires
25:44 Arson
29:07 Champi Runner
29:34 Elite Skirmisher
30:19 Thumb Ring
34:18 Imperial Age
31:39 Town Watch
32:40 Stone Mining
33:25 Gold Shaft Mining
33:28 Wheelbarrow
33:27 Padded Archer Armor
33:28 Crossbowman
34:59 Stone Shaft Mining
35:09 Ballistics
34:30 Treadmill Crane
35:33 Crop Rotation
35:01 Arbalester
36:12 Fortified Wall
36:14 Bodkin Arrow
36:35 Leather Archer Armor
37:11 Bracer
38:32 Chemistry
38:56 Ring Archer Armor
37:57 Champi Warrior
39:36 Scale Mail Armor
39:46 Forging
39:42 Elite Champi Warrior
41:18 Chain Mail Armor
41:33 Conscription
44:12 Plate Mail Armor
45:41 Onager
Pokie
10:43 Feudal Age
11:58 Double-Bit Axe
15:03 Castle Age
12:53 Horse Collar
16:36 Bow Saw
16:30 Heavy Plow
23:09 Gold Mining
24:47 Stone Mining
25:44 Pikeman
27:31 Stone Shaft Mining
34:46 Imperial Age
32:53 Wheelbarrow
32:42 Forging
32:38 Scale Barding Armor
32:34 Padded Archer Armor
32:24 Fletching
32:46 Husbandry
32:57 Bloodlines
32:10 Light Cavalry
35:16 Chain Barding Armor
35:32 Iron Casting
35:13 Leather Archer Armor
35:24 Ballistics
35:26 Cavalier
37:07 Plate Barding Armor
37:26 Paladin
37:27 Hussar
39:13 Blast Furnace
38:09 Bodkin Arrow
38:29 Leather Archer Armor
38:00 Elite Conquistador
39:03 Conscription
39:20 Hoardings
41:37 Bracer
43:31 Caravan
45:29 Chemistry
46:27 Ring Archer Armor
49:27 Two-Man Saw
48:49 Hand Cart
48:21 Town Watch
48:21 Loom
hoijertz
10:49 Feudal Age
12:53 Loom
15:12 Castle Age
13:05 Double-Bit Axe
16:28 Bow Saw
16:00 Horse Collar
20:26 Wheelbarrow
21:35 Heavy Plow
23:15 Chemistry
23:13 Loom
25:17 Hand Cart
26:11 Fletching
29:37 Imperial Age
27:54 Ballistics
27:37 Bodkin Arrow
32:02 Bombard Tower
31:49 Siege Engineers
32:58 Two-Man Saw
32:42 Squires
34:16 Guilds
38:15 Elite Hussite Wagon
42:11 Wagenburg Tactics
42:29 Conscription
43:46 Caravan
44:30 Bracer
44:41 Forging
44:57 Bombard Tower
46:13 Houfnice
47:53 Murder Holes
BountyMango
11:44 Feudal Age
16:07 Castle Age
14:32 Double-Bit Axe
17:30 Bow Saw
19:28 Stone Mining
19:28 Gold Mining
19:24 Horse Collar
31:40 Imperial Age
30:26 Caravan
30:44 Forging
30:39 Scale Barding Armor
33:26 Chemistry
32:42 Grand Trunk Road
33:21 Shatagni
33:43 Conscription
34:48 Husbandry
35:40 Heavy Camel Rider
36:32 Bloodlines
37:14 Stone Shaft Mining
37:14 Gold Shaft Mining
38:49 Imperial Camel Rider
40:08 Iron Casting
39:54 Chain Barding Armor
44:04 Blast Furnace
43:40 Plate Barding Armor
45:46 Heavy Plow
45:33 Loom
45:34 Town Watch
46:24 Wheelbarrow
45:43 Town Watch
46:35 Wheelbarrow
46:39 Hoardings
47:27 Scale Mail Armor
47:27 Padded Archer Armor
47:18 Fletching
47:40 Masonry
47:35 Siege Engineers
47:41 Fortified Wall
47:21 Guard Tower
47:58 Ballistics
47:51 Masonry
47:46 Siege Engineers
47:37 Murder Holes
47:52 Fortified Wall
Ace
1:01 Loom
12:42 Feudal Age
14:02 Wheelbarrow
13:15 Double-Bit Axe
13:05 Man-at-Arms
14:06 Horse Collar
16:55 Gold Mining
24:37 Forging
24:28 Scale Mail Armor
28:19 Castle Age
27:15 Scale Barding Armor
29:16 Hand Cart
29:14 Bow Saw
29:06 Heavy Plow
29:14 Caravan
30:12 Gold Shaft Mining
29:28 Stone Mining
30:38 Long Swordsman
31:20 Squires
31:58 Iron Casting
31:38 Town Watch
35:13 Fortified Wall
35:00 Murder Holes
35:31 Chain Mail Armor
41:37 Ballistics
41:28 Masonry
45:25 Imperial Age
45:42 Town Patrol
47:22 Blast Furnace
46:23 Legionary
48:53 Conscription
49:26 Crop Rotation
Connection lost

Rejoining the realm…

Still unreachable

The connection could not be restored.

Session expired

The server has moved on; the page needs a fresh start.